 Dungeon Crawl Stone Soup version 0.20.1-1-g8b1a95d (webtiles) character file.

1132 Ceann the Slasher (level 8, -2/90 HPs)
             Began as a Demonspawn Fighter on Sept 25, 2017.
             Slain by Prince Ribbit (6 damage)
             ... on level 6 of the Dungeon.
             The game lasted 00:08:57 (4265 turns).

Ceann the Slasher (Demonspawn Fighter)              Turns: 4265, Time: 00:08:58

Health: -2/90      AC: 24    Str: 18    XL:     8   Next: 13%
Magic:  0/8        EV:  2    Int: 10    God:
Gold:   199        SH:  9    Dex: 15    Spells: 7/7 levels left

rFire    . . .     SeeInvis .   a - +0 long sword
rCold    . . .     Gourm    .   c - +0 shield
rNeg     + + +     Faith    .   (armour currently unavailable)
rPois    +         Spirit   +   (helmet currently unavailable)
rElec    .         Reflect  .   (cloak currently unavailable)
rCorr    .         Harm     .   (gloves currently unavailable)
MR       .....     NoTele   +   (boots currently unavailable)
Stlth    ++........             (no amulet)
Regen    0.3/turn               (no ring)
MPRegen  0.2/turn               (no ring)

@: tree-form
A: thin skeletal structure 1, magic shield
a: no special abilities


You were on level 6 of the Dungeon.
You were not hungry.
You were a tree.
You visited 1 branch of the dungeon, and saw 6 of its levels.

You collected 199 gold pieces.

Inventory:

Hand Weapons
 a - a +0 long sword (weapon)
Armour
 b - a +0 scale mail (melded)
 c - a +0 shield (worn)
 r - a +0 pair of gloves (melded)
Wands
 s - a wand of lightning (6/15)
Scrolls
 e - a scroll of immolation {unknown}
 g - 3 scrolls of identify {unknown}
 h - 3 scrolls of remove curse {unknown}
 i - a scroll of fog {unknown}
 k - a scroll of enchant armour {unknown}
 m - a scroll of enchant weapon {unknown}
 p - 3 scrolls of magic mapping {unknown}
 q - 3 scrolls of teleportation {unknown}
Potions
 d - a potion of might
 o - 2 potions of lignification
 t - a potion of degeneration {unknown}
Books
 j - a book of Misfortune

   Spells                             Type                      Level
   a - Confusing Touch                Hexes                        1
   b - Confuse                        Hexes                        3
   c - Gell's Gravitas                Translocation                3
   d - Petrify                        Transmutation/Earth          4
   e - Metabolic Englaciation         Hexes/Ice                    5
   f - Yara's Violent Unravelling     Hexes/Transmutation          5
Comestibles
 f - 2 bread rations
 l - 3 royal jellies
 n - 3 meat rations


   Skills:
 + Level 4.2 Fighting
 * Level 6.1 Long Blades
 + Level 4.9 Armour
 + Level 2.0 Dodging
 + Level 1.2 Stealth
 + Level 4.0 Shields


You had 7 spell levels left.
You didn't know any spells.

Dungeon Overview and Level Annotations

Branches:
Dungeon (6/15)
 Temple: D:4-7

Altars:
Cheibriados

Annotations:
D:5 Ceann's ghost, novice OpFi
D:6 Prince Ribbit


Innate Abilities, Weirdness & Mutations

You have a somewhat thin skeletal structure. (Dex +2, Stealth)
((You are partially covered in sharp spines.))
When hurt, damage is shared between your health and your magic reserves.


Message History

You block Prince Ribbit's attack. You block the ogre's attack.
You hit the ogre.
The ogre is lightly wounded.
Prince Ribbit hits you but does no damage.
You slash the ogre!
The ogre is severely wounded.
Prince Ribbit hits you.
* * * LOW HITPOINT WARNING * * *
You block the ogre's attack.
Prince Ribbit hits you but does no damage.
Your shield prevents you from hitting the ogre.
The ogre is severely wounded.
You block Prince Ribbit's attack.
The ogre hits you with a giant spiked club!
* * * LOW HITPOINT WARNING * * *
Prince Ribbit hits you but does no damage.
You hit the ogre.
The ogre is severely wounded.
Prince Ribbit hits you!
You die...

#################
................
#......######## #......#
#......#
#####......############.#
...))..........F♣O....>.#
####........###########.#
#..#'#.......
#..#.#.#.#### #....#.....
#.#..#...### #.#..#....
#.##.#....#


You could see Prince Ribbit and an ogre.

Vanquished Creatures
  Sigmund (D:6)
  An ice beast (D:6)
  An ogre (D:6)
  A bullfrog (D:6)
  A scorpion (D:4)
  A quasit (D:5)
  A hound (D:4)
  A jelly (D:5)
  An orc priest (D:4)
  A gnoll shaman (D:6)
  2 iguanas (D:4)
  6 worker ants
  4 orc wizards
  5 gnolls (D:6)
  7 adders
  An ooze (D:2)
  An adder skeleton (D:4)
  A worm (D:4)
  2 dart slugs
  5 leopard geckos
  16 orcs
  9 bats
  2 giant cockroaches
  3 hobgoblins
  5 jackals
  3 quokkas
  A ball python skeleton (D:3)
  4 frilled lizards
  4 goblins
  10 kobolds
  6 rats
107 creatures vanquished.

Notes
Turn   | Place    | Note
-------+----------+-------------------------------------------
     0 | D:1      | Ceann the Demonspawn Fighter began the quest for the Orb.
     0 | D:1      | Reached XP level 1. HP: 18/18 MP: 1/1
   206 | D:1      | Gained mutation: When hurt, damage is shared between your health and your magic reserves. [demonic ancestry]
   206 | D:1      | Reached XP level 2. HP: 23/24 MP: 2/2
   214 | D:1      | Reached skill level 2 in Long Blades
   955 | D:2      | Gained mutation: You are partially covered in sharp spines. [demonic ancestry]
   955 | D:2      | Reached XP level 3. HP: 29/29 MP: 3/3
  1382 | D:3      | Reached XP level 4. HP: 14/36 MP: 1/4
  2313 | D:4      | Reached skill level 3 in Long Blades
  2313 | D:4      | Gained mutation: You have a somewhat thin skeletal structure. (Dex +2, Stealth) [demonic ancestry]
  2313 | D:4      | Reached XP level 5. HP: 7/41 MP: 0/5
  2558 | D:4      | Reached skill level 1 in Dodging
  2630 | D:4      | HP: 1/42 [poisoned by a scorpion]
  2930 | D:4      | Reached XP level 6. HP: 48/48 MP: 6/6
  3249 | D:4      | Found a snail-covered altar of Cheibriados.
  3496 | D:5      | Entered Level 5 of the Dungeon
  3520 | D:5      | Reached skill level 4 in Long Blades
  3560 | D:5      | Noticed Ceann's ghost (novice OpFi)
  3571 | D:5      | Reached XP level 7. HP: 35/54 MP: 5/7
  4125 | D:6      | Reached skill level 1 in Stealth
  4139 | D:6      | Reached skill level 5 in Long Blades
  4148 | D:6      | Noticed Sigmund
  4158 | D:6      | Killed Sigmund
  4163 | D:6      | Reached XP level 8. HP: 25/60 MP: 5/8
  4218 | D:6      | Reached skill level 6 in Long Blades
  4257 | D:6      | Noticed Prince Ribbit
  4264 | D:6      | HP: 4/90 [ogre/giant spiked club (7)]
  4265 | D:6      | Slain by Prince Ribbit

Skill      XL: |  1  2  3  4  5  6  7  8 |
---------------+-------------------------+-----
Long Blades    | 2 3 4 5 6 |  6.1
Shields        | 3 4 |  4.0
Armour         | 3 4 |  4.9
Dodging        | 1 2 |  2.0
Fighting       | 4 |  4.2
Stealth        | 1 |  1.2

Action                   |  1- 3 |  4- 6 |  7- 9 || total
-------------------------+-------+-------+-------++-------
Melee: Long sword        |   113 |   147 |    77 ||   337
  Use: Potion            |       |     3 |     2 ||     5
  Eat: Chunk             |     2 |     6 |       ||     8
       Bread ration      |       |       |     1 ||     1
Armor: Scale mail        |    64 |    40 |    24 ||   128
       Skin              |       |       |     4 ||     4
Dodge: Dodged            |    37 |    45 |    18 ||   100
Block: Shield            |    71 |    77 |    35 ||   183
       Rpst.: Long sword |    10 |    13 |     3 ||    26
